Map: Abyssal Reef LE

Players

TWBolek - Winner!

  • Race: Terran Terran
  • League: Diamond
  • Spawn Location: 11:00

POwer

  • Race: Protoss Protoss
  • League: Diamond
  • Spawn Location: 5:00

VOD

Have the link to the VOD?

Description

Time

  • Played on: Jan. 5, 2018, 9:32 a.m.
  • Length: 15:20
Show
View Real Time Build Order
Export as new Build Order

TWBolek Terran - Winner!

Build Orders: Cyclone Opening, Mech 

Get SALT Encoding   

  12  0:00  SCV  
  13  0:12  SCV  
  14  0:17  Supply Depot  
  14  0:25  SCV  
  15  0:29  Refinery  
  15  0:39  SCV  
  16  0:49  Barracks  
  16  0:54  SCV  
  17  1:06  SCV  
  18  1:18  SCV  
  19  1:27  Engineering Bay  
  19  1:37  Orbital Command, Reaper  
  20  1:58  Factory  
  20  2:05  SCV  
  21  2:11  Barracks Reactor  
  21  2:18  SCV  
  22  2:29  Command Center  
  22  2:32  SCV  
  22  2:34  Supply Depot  
  23  2:39  Refinery  
  23  2:56  SCV, Cyclone  
  27  3:08  SCV  
  27  3:20  SCV  
  27  3:25  Command Center  
  28  3:27  Barracks Tech Lab  
  28  3:32  SCV  
  29  3:40  Cyclone  
  32  3:49  Cyclone  
  32  3:51  SCV  
  32  3:55  Orbital Command  
  36  4:04  SCV  
  36  4:08  Factory  
  37  4:20  SCV x2  
  39  4:24  Barracks Reactor  
  39  4:32  SCV x2, Factory  
  39  4:38  Supply Depot  
  41  4:41  Orbital Command  
  41  4:44  SCV  
  42  4:50  Siege Tank  
  45  4:53  SCV  
  45  4:56  SCV  
  47  5:05  SCV  
  48  5:08  Refinery, SCV  
  48  5:09  Refinery  
  48  5:11  SCV  
  50  5:15  Hellion  
  50  5:16  Hellion  
  50  5:21  Armory  
  54  5:23  SCV x2  
  54  5:27  Armory  
  56  5:30  SCV  
  56  5:35  SCV  
  58  5:42  Hellion x3  
  64  5:43  SCV x2  
  66  5:55  Supply Depot  
  66  5:56  Supply Depot  
  66  6:00  Supply Depot  
  66  6:01  Siege Tank  
  69  6:11  Engineering Bay  
  69  6:14  Terran Vehicle Weapons Level 1  
  69  6:17  SCV x3  
  72  6:21  Terran Vehicle And Ship Armor Level 1  
  72  6:24  Cyclone  
  67  6:41  Siege Tank, Hellion x3  
  67  6:43  SCV  
  67  6:44  SCV x2  
  77  6:53  Missile Turret  
  77  6:59  Factory  
  77  7:00  SCV x3  
  80  7:02  Factory  
  80  7:08  Missile Turret  
  80  7:09  Missile Turret  
  80  7:12  Supply Depot  
  80  7:13  SCV  
  81  7:17  Supply Depot  
  81  7:18  Supply Depot  
  81  7:20  Supply Depot  
  81  7:25  SCV x2  
  83  7:31  Hellion x3  
  89  7:40  Infernal Pre-Igniter  
  89  7:44  Orbital Command  
  89  7:47  Factory Tech Lab  
  89  7:48  Factory Tech Lab  
  89  7:51  SCV x2  
  91  8:06  Supply Depot  
  91  8:08  Hellion x2  
  91  8:09  Hellion x2, Rapid Fire Launchers  
  91  8:10  Supply Depot  
  91  8:11  Refinery, Supply Depot  
  99  8:12  Supply Depot  
  99  8:13  Supply Depot  
  99  8:14  Refinery, Terran Vehicle Weapons Level 2  
  99  8:30  Sensor Tower  
  99  8:34  Siege Tank, Hellion x5  
  103  8:36  SCV x2  
  103  8:39  SCV  
  109  8:48  SCV  
  109  8:53  Smart Servos  
  110  8:56  Hellion x5  
  118  9:03  Terran Vehicle And Ship Armor Level 2  
  118  9:12  Siege Tank x2  
  124  9:19  Command Center  
  124  9:20  Cyclone x3  
  124  9:23  SCV x3  
  136  9:35  Siege Tank  
  139  9:44  Siege Tank  
  136  9:58  Siege Tank, Hellion x4  
  133  10:03  SCV x2  
  135  10:07  Siege Tank  
  135  10:08  Command Center  
  138  10:14  Supply Depot x2  
  138  10:15  Supply Depot  
  138  10:21  Command Center  
  138  10:22  Sensor Tower  
  138  10:26  Hellion x3  
  138  10:27  Hellion  
  146  10:34  Starport  
  146  10:35  Starport  
  112  11:25  Hellion x2  
  103  11:26  Siege Tank x2, Hellion x3  
  109  11:44  Terran Vehicle Weapons Level 3, Terran Vehicle And Ship Armor Level 3  
  109  11:47  Command Center  
  109  11:48  Starport Reactor  
  109  11:49  Starport Reactor  
  109  11:51  Starport  
  109  11:52  SCV x3  
  112  11:55  Planetary Fortress, Factory  
  112  12:01  Thor x2, Hellion x4  
  120  12:07  SCV x3  
  135  12:14  Refinery  
  135  12:18  Refinery  
  135  12:19  Sensor Tower  
  135  12:21  Siege Tank  
  138  12:32  Hellion x2  
  138  12:33  Hellion x2  
  146  12:48  Siege Tank x2  
  152  12:53  Siege Tank  
  152  12:57  Cyclone x4  
  165  13:05  Orbital Command  
  165  13:06  SCV x2  
  167  13:16  Command Center  
  167  13:18  Viking x2  
  171  13:20  Cyclone  
  171  13:23  Viking  
  176  13:38  Cyclone x2  
  176  13:39  Cyclone  
  143  14:18  Orbital Command, Hellion x4  
  143  14:19  Siege Tank x3  
  160  14:27  Viking x3  
  154  14:50  Hellion x4  
Show
View Real Time Build Order
Export as new Build Order

POwer Protoss 

Build Orders: 1 Gate Expand 

Get SALT Encoding   

  12  0:01  Probe  
  13  0:13  Probe  
  14  0:17  Pylon  
  14  0:25  Probe  
  15  0:38  Probe  
  15  0:39  Gateway  
  16  0:49  Assimilator  
  16  0:50  Probe (Chrono Boost)  
  17  0:59  Probe (Chrono Boost)  
  18  1:04  Probe (Chrono Boost)  
  19  1:37  Cybernetics Core  
  19  1:42  Probe  
  19  1:44  Nexus  
  20  1:50  Pylon  
  20  1:55  Probe  
  21  2:01  Assimilator  
  21  2:09  Probe  
  21  2:10  Stalker (Chrono Boost)  
  21  2:14  Warp Gate  
  24  2:21  Probe  
  25  2:26  Shield Battery  
  25  2:30  Stalker (Chrono Boost)  
  25  2:33  Probe  
  28  2:45  Probe  
  29  2:57  Probe  
  30  3:10  Stalker  
  32  3:13  Probe x2  
  34  3:25  Probe (Chrono Boost)  
  35  3:30  Gateway  
  35  3:31  Probe (Chrono Boost)  
  35  3:32  Gateway  
  35  3:33  Shield Battery  
  36  3:37  Probe (Chrono Boost)  
  36  3:40  Probe (Chrono Boost)  
  38  3:42  Probe (Chrono Boost)  
  38  3:45  Probe (Chrono Boost)  
  40  3:51  Probe  
  40  3:53  Assimilator  
  41  3:57  Probe  
  41  3:58  Twilight Council  
  42  4:03  Pylon  
  42  4:04  Probe  
  45  4:10  Pylon  
  43  4:22  Robotics Facility  
  43  4:31  Pylon  
  43  4:33  Pylon, Stalker x2  
  43  4:34  Sentry  
  43  4:36  Shield Battery  
  43  4:37  Probe x2  
  51  4:40  Charge (Chrono Boost)  
  51  4:47  Probe  
  51  4:49  Probe  
  53  4:55  Probe  
  53  4:57  Adept x2  
  53  4:58  Adept  
  60  5:01  Probe  
  60  5:06  Probe  
  61  5:09  Observer (Chrono Boost)  
  63  5:21  Probe x2  
  63  5:23  Forge  
  63  5:24  Forge  
  63  5:28  Forge  
  65  5:30  Observer  
  65  5:33  Probe x2  
  68  5:37  Stalker x2  
  68  5:38  Stalker  
  74  5:45  Gateway  
  74  5:50  Pylon  
  74  5:54  Observer  
  74  5:56  Pylon  
  75  6:01  Zealot  
  77  6:08  Protoss Ground Weapons Level 1 (Chrono Boost)  
  77  6:18  Pylon  
  77  6:20  Nexus  
  77  6:21  Zealot x3  
  79  6:36  Gateway  
  79  6:38  Gateway  
  76  6:47  Probe x2  
  76  6:51  Assimilator  
  76  6:53  Assimilator  
  78  6:54  Protoss Ground Armor Level 1 (Chrono Boost)  
  78  6:58  Immortal  
  82  7:05  Stargate  
  82  7:07  Stargate  
  82  7:13  Assimilator  
  82  7:15  Probe x2, Photon Cannon  
  84  7:16  Robotics Facility  
  84  7:24  Probe  
  84  7:27  Probe  
  86  7:32  Probe x2  
  88  7:39  Probe  
  88  7:41  Probe  
  89  7:44  Probe  
  89  7:46  Photon Cannon  
  89  7:48  Shield Battery  
  92  7:51  Probe  
  92  7:52  Shield Battery  
  92  7:53  Probe  
  92  7:54  Photon Cannon  
  92  7:56  Probe  
  94  8:02  Immortal  
  94  8:03  Probe  
  94  8:05  Phoenix  
  101  8:10  Probe x2  
  103  8:15  Probe  
  104  8:22  Probe  
  104  8:23  Probe  
  105  8:28  Probe  
  103  8:35  Probe  
  103  8:36  Zealot x5  
  103  8:39  Phoenix  
  116  8:48  Robotics Facility  
  116  9:02  Photon Cannon  
  116  9:13  Pylon  
  116  9:24  Pylon  
  116  9:26  Protoss Ground Weapons Level 2 (Chrono Boost)  
  116  9:27  Protoss Ground Armor Level 2 (Chrono Boost)  
  116  9:28  Pylon  
  116  9:31  Immortal, Phoenix x2  
  124  9:40  Nexus  
  124  9:41  Immortal  
  124  9:44  Assimilator  
  116  9:48  Assimilator  
  116  9:49  Immortal  
  113  9:55  Probe x3  
  113  9:56  Phoenix  
  117  10:01  Shield Battery  
  116  10:10  Warp Prism  
  118  10:21  Probe x2 (Chrono Boost), Photon Cannon  
  121  10:22  Probe (Chrono Boost)  
  121  10:39  Templar Archives, Probe  
  121  10:40  Probe  
  121  10:41  Probe, Photon Cannon  
  124  10:52  Probe  
  125  11:02  Immortal x2  
  99  11:22  Zealot x2  
  99  11:23  Zealot x3  
  67  11:48  Zealot x3  
  67  11:49  Zealot x2  
  67  11:50  Immortal x2 (Chrono Boost)  
  85  12:03  Immortal (Chrono Boost), Probe x3  
  92  12:16  Protoss Ground Weapons Level 3 (Chrono Boost), Protoss Ground Armor Level 3 (Chrono Boost)  
  92  12:22  High Templar x4  
  98  12:26  Archon x2  
  100  12:41  Shield Battery  
  100  12:42  Immortal  
  100  12:43  Immortal, Shield Battery  
  108  12:47  High Templar  
  109  12:55  High Templar x2  
  109  12:56  High Templar  
  115  12:59  Archon  
  115  13:00  Archon  
  115  13:05  Zealot  
  117  13:08  Immortal  
  121  13:22  Phoenix (Chrono Boost)  
  121  13:25  Nexus  
  123  13:28  Assimilator  
  123  13:29  High Templar, Pylon  
  125  13:36  Pylon  
  125  13:39  Pylon  
  125  13:40  Pylon  
  125  13:49  Zealot x4  
  133  13:57  Immortal x2  
  109  14:15  Zealot  
  109  14:16  Zealot x4  
  109  14:19  Immortal  
  113  14:36  Immortal, Zealot  
  113  14:37  Zealot x4  
Tags
 
Add a new tag
Caveats
  • Supply blocks, unpowered buildings, or Contaminate may cause inaccurate times.
  • Supply counts are checked every 10 seconds.